 Dungeon Crawl Stone Soup version 0.28-a0-845-gfc338a8e3c (webtiles) character file.

Game seed: 2505325033979315185

131943 Strat the Brawler (level 16, -4/158 HPs)
             Began as a Troll Cinder Acolyte on Nov 12, 2021.
             Was a High Priest of Ignis.
             Slain by Arachne (25 damage)
             ... on level 2 of the Spider Nest.
             The game lasted 00:59:54 (23987 turns).

Strat the Brawler (Troll Cinder Acolyte)           Turns: 23987, Time: 00:59:54

Health: -4/158     AC: 18    Str: 29    XL:     16   Next: 56%
Magic:  16/16      EV: 13    Int: 14    God:    Ignis [*****.]
Gold:   1941       SH: 19    Dex: 10    Spells: 15/17 levels left

rFire   + . .      SeeInvis +     - Unarmed
rCold   . . .      Faith    .   C - +2 tower shield {reflect}
rNeg    . . .      Spirit   .   X - +0 acid dragon scales
rPois   .          Reflect  +   L - +2 hat of Going Fast {Regen+ Str+3 Int+4 Stlth+}
rElec   .          Harm     .   y - +2 cloak {rCorr}
rCorr   +          Rampage  .   (gloves unavailable)
Will    ++...                   (boots unavailable)
Stlth   ++........              p - amulet of the acrobat
HPRegen 2.36/turn               g - +4 ring of evasion
MPRegen 0.15/turn               W - ring "Rusegidi" {Will+ AC+4 SInv}

@: lethally poisoned (-4 -> -27), hasted, very quick
A: large, unfitting armour, claws 3, regeneration 1, shaggy fur 1, tough skin 1
a: Renounce Religion, Sea of Fire, Foxfire Swarm, Rising Flame


You were on level 2 of the Spider Nest.
You worshipped Ignis.
Ignis was extremely pleased with you.
You visited 4 branches of the dungeon, and saw 25 of its levels.
You also visited: Bailey.

You collected 3129 gold pieces.
You spent 1188 gold pieces at shops.

Inventory:

Hand Weapons
 b - a +2 demon whip of electrocution
Missiles
 a - 4 curare-tipped darts
 e - 87 boomerangs (quivered)
 h - 618 stones
 l - 5 silver javelins
 q - 2 throwing nets
 K - 9 javelins
 V - 31 large rocks
Armour
 y - a +2 cloak of preservation (worn)
 C - a +2 tower shield of reflection (worn)
 L - the +2 hat of Going Fast (worn) {Regen+ Str+3 Int+4 Stlth+}
   (You acquired it on level 2 of the Lair of Beasts)

   Str:       It affects your strength (+3).
   Int:       It affects your intelligence (+4).
   Regen:     It increases your rate of health regeneration.
   Stlth:     It makes you more stealthy.
 X - +0 acid dragon scales (worn)
Jewellery
 g - a +4 ring of evasion (left claw)
 p - an amulet of the acrobat (around neck)
 B - a ring of ice
 N - a ring of protection from fire
 W - the ring "Rusegidi" (right claw) {Will+ AC+4 SInv}
   (You bought it in a shop on level 2 of the Orcish Mines)

   [ring of protection]

   AC:        It affects your AC (+4).
   SInv:      It lets you see invisible.
   Will:      It increases your willpower.
Wands
 u - a wand of paralysis (9)
 x - a wand of flame (83)
 A - a wand of acid (8)
 I - a wand of digging (14)
 J - a wand of iceblast (43)
 P - a wand of charming (9)
 T - a wand of mindburst (13)
Scrolls
 d - 2 scrolls of magic mapping
 i - 8 scrolls of enchant weapon
 n - 5 scrolls of amnesia
 v - 7 scrolls of identify
 w - 4 scrolls of fog
 D - 11 scrolls of teleportation
 G - a scroll of brand weapon
 Q - 3 scrolls of summoning
 S - 4 scrolls of enchant armour
Potions
 c - a potion of invisibility
 k - 3 potions of heal wounds
 m - 8 potions of mutation
 o - 4 potions of curing
 r - a potion of lignification
 s - 3 potions of attraction
 t - 2 potions of ambrosia
 z - a potion of flight
 E - 6 potions of haste
 F - 3 potions of magic
 M - 3 potions of might
 O - a potion of brilliance
 Y - a potion of berserk rage


   Skills:
 - Level 10.0 Fighting
 - Level 10.0 Throwing
 - Level 4.0 Armour
 - Level 15.0 Shields
 + Level 19.0 Unarmed Combat
 - Level 1.0 Spellcasting
 - Level 2.1 Fire Magic


You had 15 spell levels left.
You knew the following spells:

 Your Spells              Type           Power      Damage    Failure   Level
a - Scorch                Fire           12%        2d6       19%         2

Your spell library contained the following spells:

 Spells                   Type           Power      Damage    Failure   Level
 Beastly Appendage        Tmut           0%         N/A       30%         1
 Freeze                   Ice            0%         1d3       30%         1
 Magic Dart               Conj           0%         1d3       30%         1
 Sandblast                Erth           0%         2d4       30%         1
 Call Imp                 Summ           0%         N/A       43%         2
 Passwall                 Tmut/Erth      0%         N/A       43%         2
 Wereblood                Tmut           0%         N/A       43%         2
 Inner Flame              Hex/Fire       3%         N/A       52%         3
 Call Canine Familiar     Summ           0%         N/A       67%         3
 Frozen Ramparts          Ice            0%         1d2       67%         3
 Mephitic Cloud           Conj/Pois/Air  0%         N/A       67%         3
 Portal Projectile        Hex/Tloc       0%         N/A       67%         3
 Spider Form              Tmut/Pois      0%         N/A       67%         3
 Stone Arrow              Conj/Erth      0%         3d7       67%         3
 Cause Fear               Hex            0%         N/A       97%         4
 Hailstorm                Conj/Ice       0%         3d3       97%         4
 Leda's Liquefaction      Hex/Erth       0%         N/A       97%         4
 Summon Ice Beast         Ice/Summ       0%         N/A       97%         4
 Alistair's Intoxication  Tmut/Pois      0%         N/A       100%        5
 Borgnjor's Vile Clutch   Necr/Erth      0%         N/A       100%        5
 Lee's Rapid Deconstruct  Erth           0%         3d5*      100%        5
 Summon Forest            Summ/Tloc      0%         N/A       100%        5
 Summon Mana Viper        Hex/Summ       0%         N/A       100%        5
 Eringya's Noxious Bog    Tmut/Pois      0%         N/A       100%        6
 Statue Form              Tmut/Erth      0%         N/A       100%        6
 Summon Cactus Giant      Summ           0%         N/A       100%        6
 Monstrous Menagerie      Summ           0%         N/A       100%        7
 Discord                  Hex            0%         N/A       100%        8


Dungeon Overview and Level Annotations

Branches:
Dungeon (15/15)            Temple (0/1) D:4            Lair (6/6) D:10
 Shoals (0/4) Lair:3       Spider (2/4) Lair:4        Slime (0/5) Lair:5
    Orc (2/2) D:9             Elf (0/3) Orc:2        Vaults (0/5) D:14
 Depths (0/4) D:15         Bailey (visited)

Altars:
Gozag
Sif Muna
Trog
Yredelemnul

Shops:
D:2 *   D:3 *   Orc:1 !*((?   Orc:2 ([*=

Annotations:
D:7 1 runed translucent door
D:8 2 transporters, SirDiesAlot's ghost, novice MiDe
D:13 3 runed translucent doors, exclusion: obsidian statue, Obruor's ghost, journeyman DgEE
Spider:2 Arachne


Innate Abilities, Weirdness & Mutations

You are too large for most types of armour.
You have claws for hands.
Your natural rate of healing is unusually fast.
You are covered in fur. (AC +1)
You have tough skin. (AC +1)


Message History

You feel sick.
The jumping spider leaps!
Arachne casts a spell at you. The poison arrow hits you!!!
You are more poisoned.
* * * LOW HITPOINT WARNING * * *
You closely miss Arachne.
Arachne is heavily wounded.
You feel very sick.
The jumping spider leaps!
You claw Arachne!
Arachne is heavily wounded.
You feel sick. Arachne completely misses you.
A jumping spider comes into view.
The jumping spider hisses angrily.
You barely miss Arachne.
Arachne is heavily wounded.
You feel very sick. Arachne casts a spell at you.
The bolt of poison misses you.
Unknown command.
You barely miss Arachne.
Arachne is heavily wounded.
You feel sick.
You eviscerate Arachne!!!
Arachne is severely wounded.
You feel sick.
The jumping spider leaps!
Arachne closely misses you.
You barely miss Arachne.
Arachne is severely wounded.
You feel sick.
You feel much better.
You feel very sick.
Arachne stares at you and mumbles some strange words.
The bolt of poison hits you!!
You are more poisoned.
* * * LOW HITPOINT WARNING * * *
The jumping spider leaps!
Arachne hits you with a staff of poison!!
* * * LOW HITPOINT WARNING * * *
Arachne envenoms you!!
You die...

..#...# ..#... ##^..#.
..○...##### ##^.##
#..:...#...## ##
...####...##.......###..#
##.##≈≈≈###.°#.........##
......###≈#..^# #<....#
...#...≈≈#≈#..####...#..≈#
......≈#≈≈##.ssH##s...# ##
.######≈≈##...s#@##....#
## #≈≈≈≈..###°.##°s....#
##≈≈≈...#....##...###
#≈≈≈#..s...## #..≈#
#≈≈##.......^# #.##
##≈≈..#..#..## #.#
#≈≈≈≈....#### #.#
##≈#≈##### ## ##≈≈


You could see Arachne (poisoned) and 3 jumping spiders.

Vanquished Creatures
  Rupert (D:14)
  Jorgrun (D:9)
  Gastronok (Lair:3)
  A tengu reaver (D:14)
  A ghost moth (Spider:2)
  A frost giant (D:14)
  An emperor scorpion (Spider:1)
  An orc warlord (Orc:2)
  A stone giant (D:15)
  A vampire knight (D:13)
  3 entropy weavers
  An ettin (D:14)
  Snorg (Orc:1)
  A fire dragon (D:14)
  A vault guard (D:14)
  5 hydras
  3 boulder beetles
  7 centaur warriors
  A merfolk avatar (Lair:6)
  Erica (Orc:1)
  A catoblepas (Lair:6)
  13 two-headed ogres
  5 death yaks (Lair:6)
  3 tengu warriors
  An orc high priest (Orc:2)
  Urug (Lair:5)
  Sonja (Lair:4)
  3 skeletal warriors (D:14)
  A sea snake (Lair:5)
  A harpy (Lair:6)
  A necromancer (Lair:4)
  Pikel (D:5)
  20 wolf spiders
  6 wolf spider zombies (Spider:1)
  4 spectral wolf spiders (Spider:1)
  8 orc knights
  3 deep elf pyromancers
  3 orc sorcerers
  5 orb spiders (Spider:1)
  A moth of wrath (Spider:1)
  6 cyclopes
  5 elephants
  Joseph (D:9)
  5 manticores
  A torpor snail (Lair:6)
  5 black mambas
  A merfolk siren (Lair:3)
  17 cane toads
  An unseen horror (D:11)
  9 komodo dragons
  6 demonic crawlers
  3 kobold demonologists
  A tengu conjurer (D:12)
  6 yaktaurs (D:15)
  7 rime drakes
  A wind drake (Lair:6)
  15 jumping spiders
  A merfolk (Lair:3)
  A wolf spider simulacrum (Spider:1)
  9 trolls
  2 hornets
  14 slime creatures
  6 polar bears
  3 snapping turtles (Lair:6)
  7 blink frogs
  Prince Ribbit (D:8)
  47 redbacks
  2 shadows (D:10)
  13 tarantellas
  42 yaks
  7 wyverns
  3 wraiths
  5 basilisks
  A steam dragon (Lair:4)
  4 vampire mosquitoes (D:12)
  Menkaure (D:5)
  2 acid dragons
  15 wargs
  16 water moccasins
  A hell hound (D:10)
  5 sky beasts
  3 black bears
  30 orc warriors
  2 elephant zombies (Lair:4)
  4 necrophages
  10 centaurs
  15 wolves
  7 ogres
  A lemure (D:5)
  4 kobold brigands (D:10)
  9 gnoll sergeants
  A komodo dragon zombie (Lair:4)
  11 bullfrogs
  A scorpion (D:5)
  2 water moccasin zombies (D:5)
  4 killer bees (D:8)
  5 wights
  4 electric eels
  9 howler monkeys
  6 centaur zombies
  A basilisk zombie (Lair:4)
  17 orc priests
  5 gnoll shamans
  3 hounds
  A centaur skeleton (D:6)
  3 iguanas
  Jessica (D:2)
  A human skeleton (D:7)
  20 orc wizards
  Natasha (D:3)
  Ijyb (D:5)
  A hound zombie (D:4)
  A mummy (D:9)
  A howler monkey zombie (D:8)
  A howler monkey skeleton (D:6)
  36 gnolls
  5 adders
  2 shadow imps
  An ufetubus (D:5)
  An adder skeleton (D:4)
  2 worms
  3 dart slugs
  60 orcs
  3 bats
  5 endoplasms
  2 giant cockroaches
  3 goblins
  15 hobgoblins
  3 jackals
  16 kobolds
  7 quokkas
  8 ball pythons
  A frilled lizard (D:1)
  5 rats
778 creatures vanquished.

Vanquished Creatures (collateral kills)
  2 hydras
2 creatures vanquished.

Vanquished Creatures (others)
  An orb spider (Spider:2)
  A bush (Lair:6)
  10 foxfires (Spider:2)
  28 fungi
  62 plants
  2 withered plants (D:9)
104 creatures vanquished.

Grand Total: 884 creatures vanquished

Notes
Turn   | Place    | Note
-------+----------+-------------------------------------------
     0 | D:1      | Strat the Troll Cinder Acolyte began the quest for the Orb.
     0 | D:1      | Reached XP level 1. HP: 22/22 MP: 1/1
   181 | D:1      | Reached XP level 2. HP: 29/29 MP: 2/2
   344 | D:1      | Learned a level 2 spell: Scorch
   422 | D:1      | Reached skill level 4 in Unarmed Combat
   422 | D:1      | Found a faded altar of an unknown god.
   856 | D:2      | Reached XP level 3. HP: 36/36 MP: 3/3
  1163 | D:2      | Found Vihiruvvu's Assorted Antiques.
  1422 | D:2      | Noticed Jessica
  1450 | D:2      | Killed Jessica
  1451 | D:2      | Reached skill level 5 in Unarmed Combat
  1451 | D:2      | Reached XP level 4. HP: 32/44 MP: 4/4
  1722 | D:3      | Noticed Natasha
  1728 | D:3      | Killed Natasha
  1917 | D:3      | Reached XP level 5. HP: 50/50 MP: 5/5
  1961 | D:3      | Reached skill level 6 in Unarmed Combat
  1972 | D:3      | Found Abeanon's Assorted Antiques.
  2373 | D:4      | Noticed an ogre
  2579 | D:4      | Reached XP level 6. HP: 59/59 MP: 6/6
  2622 | D:4      | Found a staircase to the Ecumenical Temple.
  2704 | D:4      | Reached skill level 7 in Unarmed Combat
  2888 | D:4      | Reached skill level 8 in Unarmed Combat
  2888 | D:4      | Reached XP level 7. HP: 66/66 MP: 2/7
  3164 | D:5      | Entered Level 5 of the Dungeon
  3255 | D:5      | Noticed Menkaure
  3259 | D:5      | Killed Menkaure
  3260 | D:5      | Reached skill level 1 in Shields
  3434 | D:5      | Noticed Pikel
  3471 | D:5      | Killed Pikel
  3472 | D:5      | Reached XP level 8. HP: 50/78 MP: 8/8
  3695 | D:5      | Reached skill level 9 in Unarmed Combat
  3945 | D:5      | Noticed Ijyb
  3954 | D:5      | Killed Ijyb
  4529 | D:6      | Reached skill level 5 in Fighting
  4568 | D:6      | Reached XP level 9. HP: 52/88 MP: 9/9
  5048 | D:7      | Reached skill level 10 in Unarmed Combat
  5157 | D:7      | Found a shimmering blue altar of Sif Muna.
  5278 | D:7      | Found a runed translucent door.
  5281 | D:7      | Found a basalt altar of Yredelemnul.
  5423 | D:7      | Found a bloodstained altar of Trog.
  5443 | D:7      | Reached skill level 5 in Shields
  5476 | D:7      | Identified 3 scrolls of acquirement
  5476 | D:7      | Acquired 788 gold pieces
  5478 | D:7      | Acquired a +1 hat of see invisible
  5485 | D:7      | Acquired a +2 cloak of preservation
  5878 | D:8      | Acquired a +2 tower shield of reflection
  5892 | D:8      | Found a transporter.
  5946 | D:8      | Noticed Prince Ribbit
  6132 | D:8      | Noticed a two-headed ogre
  6132 | D:8      | Noticed SirDiesAlot's ghost (novice MiDe)
  6132 | D:8      | Noticed a moth of wrath
  6232 | D:8      | Reached skill level 11 in Unarmed Combat
  6274 | D:8      | Found a bloodstained altar of Trog.
  6279 | D:8      | Found a transporter.
  6299 | D:8      | Killed Prince Ribbit
  6300 | D:8      | Reached XP level 10. HP: 86/96 MP: 10/10
  6875 | D:9      | Noticed Joseph
  6905 | D:9      | Killed Joseph
  7113 | D:9      | Found a staircase to the Orcish Mines.
  7256 | D:9      | Reached skill level 12 in Unarmed Combat
  7715 | D:10     | Entered Level 10 of the Dungeon
  8003 | D:10     | Reached XP level 11. HP: 102/102 MP: 11/11
  8014 | D:10     | Noticed a two-headed ogre
  8086 | D:10     | Killed a two-headed ogre
  8087 | D:10     | Reached skill level 13 in Unarmed Combat
  8119 | D:10     | Found a staircase to the Lair.
  8127 | D:10     | Identified the +1 robe of Syndicalism {rN+++ Will- Dex+5}
  8342 | D:10     | Noticed a two-headed ogre
  8348 | D:10     | Killed a two-headed ogre
  8355 | D:10     | Noticed a two-headed ogre
  8365 | D:10     | Killed a two-headed ogre
  8366 | D:10     | Reached skill level 14 in Unarmed Combat
  8372 | D:10     | Noticed a deep elf pyromancer
  8378 | D:10     | Killed a deep elf pyromancer
  8622 | D:10     | Noticed a two-headed ogre
  8628 | D:10     | Killed a two-headed ogre
  8633 | D:10     | Paralysed by a gnoll sergeant for 7 turns
  8634 | D:10     | Noticed a two-headed ogre
  8646 | D:10     | Killed a two-headed ogre
  8658 | D:10     | Noticed a two-headed ogre
  9230 | D:10     | Noticed a two-headed ogre
  9234 | D:10     | Killed a two-headed ogre
  9235 | D:10     | Reached XP level 12. HP: 113/120 MP: 12/12
  9303 | D:10     | Killed a two-headed ogre
  9764 | D:11     | Noticed a boulder beetle
  9785 | D:11     | Killed a boulder beetle
  9805 | D:11     | Noticed a two-headed ogre
  9812 | D:11     | Killed a two-headed ogre
 10050 | D:11     | Found a flagged portal.
 10055 | D:11     | Identified the +4 hand axe of Obla {venom, Int+4 Dex+2}
 10058 | Bailey   | Entered a bailey
 10163 | Bailey   | Reached skill level 10 in Fighting
 10244 | Bailey   | Reached skill level 1 in Armour
 10722 | Lair:1   | Entered Level 1 of the Lair of Beasts
 10730 | Lair:1   | Noticed an eight-headed hydra
 11134 | Lair:1   | Noticed a four-headed hydra
 11151 | Lair:1   | Killed a four-headed hydra
 11370 | Lair:1   | Killed an eight-headed hydra
 11388 | Lair:2   | Acquired the +2 hat of Going Fast {Regen+ Str+3 Int+4
                  | Stlth+}
 11859 | Lair:2   | Reached skill level 15 in Unarmed Combat
 12318 | Lair:3   | Noticed Gastronok
 12348 | Lair:3   | Killed Gastronok
 12349 | Lair:3   | Reached XP level 13. HP: 116/133 MP: 13/13
 12924 | Lair:3   | Reached skill level 16 in Unarmed Combat
 12955 | Lair:3   | Found a staircase to the Shoals.
 13554 | Lair:4   | Noticed Sonja
 13563 | Lair:4   | Killed Sonja
 13940 | Lair:4   | Found a hole to the Spider Nest.
 14453 | Lair:5   | Reached skill level 10 in Shields
 14702 | Lair:5   | Found a staircase to the Slime Pits.
 14858 | Lair:5   | Reached skill level 17 in Unarmed Combat
 14967 | Lair:5   | Noticed Urug
 14976 | Lair:5   | Killed Urug
 14996 | Lair:5   | You fall into a shaft and drop 1 floor!
 14996 | Lair:6   | Entered Level 6 of the Lair of Beasts
 15299 | Lair:6   | Reached XP level 14. HP: 143/143 MP: 14/14
 15709 | Lair:6   | Identified the +1 leather armour "Gueppisi" {Regen+ Int-4
                  | Stlth+}
 16164 | Lair:6   | Identified the +6 trident of Greatest Utility {flame,
                  | Dex+2}
 16398 | Orc:1    | Entered Level 1 of the Orcish Mines
 16398 | Orc:1    | Found Voequatei's Magic Scroll Shop.
 16398 | Orc:1    | Found Luem's Antique Weapon Boutique.
 16411 | Orc:1    | Noticed Jorgrun
 16581 | D:9      | Killed Jorgrun
 16607 | Orc:1    | Bought a scroll of blinking for 97 gold pieces
 16607 | Orc:1    | Bought a scroll of enchant armour for 97 gold pieces
 16607 | Orc:1    | Bought a scroll of enchant armour for 97 gold pieces
 16647 | Orc:1    | Noticed Erica
 16679 | Orc:1    | Killed Erica
 16714 | Orc:1    | Found Saudi's Weapon Boutique.
 16810 | Orc:1    | Found Ocvao's General Store.
 16837 | Orc:1    | Found Libbuure's Distillery.
 16984 | Orc:1    | Noticed Snorg
 16998 | Orc:1    | Killed Snorg
 17352 | Orc:2    | Entered Level 2 of the Orcish Mines
 17352 | Orc:2    | Found Foirrom's Antique Weapon Shoppe.
 17511 | Orc:1    | Reached skill level 1 in Throwing
 17897 | Orc:2    | Found Qawu Juy's Antique Armour Boutique.
 17932 | Orc:2    | Found Wullus's General Store.
 17953 | Orc:2    | Found Ukhuvo's Jewellery Emporium.
 17954 | Orc:2    | Noticed an orc warlord
 17975 | Orc:2    | Paralysed by an orc sorcerer for 2 turns
 18036 | Orc:2    | Bought the ring "Rusegidi" {Will+ AC+4 SInv} for 897 gold
                  | pieces
 18063 | Orc:2    | Found a staircase to the Elven Halls.
 18215 | Orc:2    | Killed an orc warlord
 18589 | D:12     | Reached XP level 15. HP: 149/149 MP: 15/15
 19553 | D:13     | Reached skill level 5 in Throwing
 19660 | D:13     | Found a runed translucent gate.
 19661 | D:13     | Found a runed translucent gate.
 19661 | D:13     | Found a runed translucent gate.
 19662 | D:13     | Found an opulent altar of Gozag.
 19665 | D:13     | Noticed Obruor's ghost (journeyman DgEE)
 20177 | D:14     | Noticed Rupert
 20190 | D:14     | Noticed a tengu reaver
 20195 | D:14     | Killed Rupert
 20203 | D:14     | Killed a tengu reaver
 20209 | D:14     | Noticed a frost giant
 20218 | D:14     | Killed a frost giant
 20395 | D:14     | You fall into a shaft and drop 1 floor!
 20395 | D:15     | Entered Level 15 of the Dungeon
 20582 | D:14     | Reached skill level 15 in Shields
 21039 | D:14     | Found a gate to the Vaults.
 21357 | D:15     | Found a staircase to the Depths.
 22006 | Spider:1 | Entered Level 1 of the Spider Nest
 22306 | Spider:1 | Reached XP level 16. HP: 148/158 MP: 16/16
 22589 | Spider:1 | Reached skill level 10 in Throwing
 22950 | Spider:1 | Reached skill level 18 in Unarmed Combat
 23665 | Spider:2 | Noticed Arachne
 23801 | Spider:2 | Reached skill level 19 in Unarmed Combat
 23987 | Spider:2 | Slain by Arachne

Illustrated notes

Levels and vault maps discovered:
D:1:      roderic_crossed_star, layout_basic,
          hellmonk_ecumenical_altar_lost_god, minmay_pentomino_o4
D:2:      layout_rooms, serial_shops, shop, kennysheep_jessica_study
D:3:      layout_rooms, serial_shops, shop, bh_walls_and_bars, uniq_natasha
D:4:      layout_loops_ring, minmay_temple_entry_hall, kennysheep_diamond,
          minivault_27, chequers_mini_garden, minmay_cupped
D:5:      layout_basic, serial_rivers, chequers_serial_rivers_micro_b,
          chequers_serial_rivers_room_a, chequers_serial_rivers_micro_b,
          chequers_serial_rivers_room_b, chequers_serial_rivers_large_b,
          uniq_ijyb, uniq_pikel, uniq_menkaure
D:6:      layout_basic
D:7:      layout_basic, dk_yredelemnul_ordeal, mainiacjoe_overflow_brackets,
          mainiacjoe_overflow_surrounded_room, lemuel_flame_loot_1
D:8:      layout_basic, gammafunk_ghost_wrathful_warriors,
          minmay_misc_feat_columns, uniq_prince_ribbit1
D:9:      layout_stronghold, serial_undead, serial_undead_b, serial_undead_a,
          serial_undead_b, serial_undead_b, uniq_joseph
D:10:     lemuel_castle_with_subvaults [lemuel_castle_interior_carwin_3],
          layout_stronghold, grunt_lair_entry_orc_guard_hut
D:11:     layout_roguey, enter_bailey_2
D:12:     layout_roguey
D:13:     layout_gridville, ebering_ghost_gozag
D:14:     layout_roguey, david_vaults_5, hangedman_decor_diamond_cutter,
          minmay_radiant, uniq_rupert
D:15:     grunt_enter_depths_snipers, layout_gridville, grunt_decor_cap
Lair:1:   dragon1_lemuel, layout_cave_pods, grunt_megastairs_4
Lair:2:   layout_regular_city
Lair:3:   layout_small_grid, elwin_shoals_entry_rooms, uniq_gastronok
Lair:4:   pond_and_an_island_with_a_cottage, layout_hall_layers,
          nicolae_spider_entry_tight_spaces, serial_bayou_shore_b, uniq_sonja
Lair:5:   layout_long_grid, dpeg_slime_entry_corner, beast_lair_carwin_6,
          grunt_megastairs_1, uniq_urug
Lair:6:   gammafunk_lair_ancient_temple, layout_regular_city
Spider:1: nicolae_spider_hilbert_zone_1 [nicolae_spider_hilbert_4_sides_1_open,
          nicolae_spider_hilbert_4_sides_1_open,
          nicolae_spider_hilbert_4_sides_1_open,
          nicolae_spider_hilbert_4_sides_1_open,
          nicolae_spider_hilbert_3_sides_1_open,
          nicolae_spider_hilbert_3_sides_1_open,
          nicolae_spider_hilbert_3_sides_1_open,
          nicolae_spider_hilbert_3_sides_1_open,
          nicolae_spider_hilbert_3_sides_1_open,
          nicolae_spider_hilbert_6_sides_1_open,
          nicolae_spider_hilbert_6_sides_1_open,
          nicolae_spider_hilbert_3_sides_1_open,
          nicolae_spider_hilbert_3_sides_1_open,
          nicolae_spider_hilbert_3_sides_1_open,
          nicolae_spider_hilbert_3_sides_1_open,
          nicolae_spider_hilbert_2_sides_1_open],
          nicolae_spider_undead_wolf_pack
Spider:2: layout_spider_delve, uniq_arachne
Orc:1:    layout_diamond_mine, serial_shops, shop, shop, shop, shop, shop,
          hellmonk_guarded_unrand_dark_maul, uniq_jorgrun, uniq_erica,
          uniq_snorg
Orc:2:    grunt_orc_gardens, layout_caves, grunt_orc_garden, grunt_orc_garden,
          grunt_orc_garden, grunt_orc_garden

Skill      XL: |  1  2  3  4  5  6  7  8  9 10 11 12 13 14 15 16 |
---------------+-------------------------------------------------+-----
Unarmed Combat | 4 5 6 8 9 11 12 14 15 17 19 | 19.0
Fighting       | 3 5 8 10 | 10.0
Shields        | 2 4 6 8 9 11 14 15 | 15.0
Armour         | 4 |  4.0
Throwing       | 3 9 10 | 10.0
Spellcasting   | |  1.0
Fire Magic     | |  2.1

Action                   |  1- 3 |  4- 6 |  7- 9 | 10-12 | 13-15 | 16-18 || total
-------------------------+-------+-------+-------+-------+-------+-------++-------
Melee: Unarmed           |   105 |    74 |   313 |   654 |  1284 |   347 ||  2777
       Punch             |     2 |     4 |     7 |       |       |       ||    13
       Whip              |       |       |       |    27 |    27 |       ||    54
       Demon whip        |       |       |       |       |     8 |       ||     8
Throw: Stone             |     4 |     3 |       |       |       |       ||     7
       Boomerang         |       |       |       |       |    14 |       ||    14
       Dart              |       |       |       |       |     6 |       ||     6
 Cast: Scorch            |       |     6 |     4 |     3 |     1 |       ||    14
Invok: Sea of Fire       |       |       |       |       |     1 |       ||     1
       Foxfire Swarm     |       |       |       |       |       |     1 ||     1
Evoke: Wand              |       |       |       |    16 |    18 |     8 ||    42
  Use: Scroll            |       |     9 |     9 |    10 |    11 |     3 ||    42
       Potion            |       |       |       |       |     2 |    10 ||    12
 Stab: Sleeping          |       |       |       |       |     6 |     1 ||     7
       Held in net/web   |       |       |       |       |       |     2 ||     2
Armor: Robe              |    40 |    23 |    65 |     7 |       |       ||   135
       Troll leather arm |       |       |       |   130 |    15 |       ||   145
       Steam dragon scal |       |       |       |       |   211 |       ||   211
       Acid dragon scale |       |       |       |       |    74 |    94 ||   168
Dodge: Dodged            |    48 |    27 |   155 |   329 |   514 |   159 ||  1232
Block: Kite shield       |       |       |    25 |   332 |   226 |       ||   583
       Tower shield      |       |       |       |       |   766 |   329 ||  1095
       Reflection        |       |       |       |       |    37 |     4 ||    41

Table legend: (Time is in decaauts)
 A = Elapsed time spent in this place.
 B = Non-inter-level travel time spent in this place.
 C = Inter-level travel time spent in this place.
 D = Time resting spent in this place.
 E = Time spent auto-exploring this place.
 F = Levels seen in this place.
 G = Mean time per level.
                   A        B        C        D        E       F      G
               +--------+--------+--------+--------+--------+-----+--------+
         Total |  23404 |  22150 |   1254 |   1309 |  14298 |  26 |  900.2 |
       Dungeon |  13932 |  13097 |    835 |    662 |   8981 |  15 |  928.8 |
          Lair |   5592 |   5335 |    257 |    261 |   3453 |   6 |  932.0 |
   Spider Nest |   1830 |   1815 |     15 |    111 |    938 |   2 |  915.0 |
  Orcish Mines |   1687 |   1542 |    145 |    175 |    795 |   2 |  843.5 |
        Bailey |    361 |    361 |      0 |    100 |    130 |   1 |  361.0 |
               +--------+--------+--------+--------+--------+-----+--------+

Top non-repeatable levels by time:
    D:10: 2018 daAuts
Spider:1: 1503 daAuts
  Lair:3: 1145 daAuts
   Orc:1: 1129 daAuts
     D:9: 1070 daAuts
  Lair:4: 1055 daAuts
  Lair:6: 1051 daAuts
     D:5: 1010 daAuts
     D:4: 968 daAuts
     D:8: 967 daAuts
    D:11: 906 daAuts
  Lair:2: 887 daAuts
    D:12: 876 daAuts
    D:13: 870 daAuts
     D:1: 868 daAuts
